Map: Orbital Shipyard

Players

EnTaroDHo - Winner!

  • Race: Protoss Protoss
  • League: Platinum

Trizztein

  • Race: Terran Terran
  • League: Platinum

VOD

Have the link to the VOD?

Description

Time

  • Played on: Jan. 24, 2016, 10:20 a.m.
  • Length: 11:54
Show
View Real Time Build Order
Export as new Build Order

EnTaroDHo Protoss - Winner!

Build Orders: 1 Gate Expand 

Get SALT Encoding   

  12  0:01  Probe (Chrono Boost)  
  13  0:11  Probe (Chrono Boost)  
  14  0:22  Probe (Chrono Boost)  
  14  0:26  Pylon  
  15  0:44  Probe (Chrono Boost)  
  16  0:55  Probe (Chrono Boost), Assimilator  
  17  0:58  Gateway  
  17  1:06  Probe (Chrono Boost)  
  18  1:16  Probe (Chrono Boost)  
  19  1:28  Nexus  
  19  1:30  Probe (Chrono Boost)  
  20  1:41  Probe (Chrono Boost)  
  21  1:51  Probe (Chrono Boost)  
  21  1:53  Assimilator  
  22  2:00  Cybernetics Core  
  22  2:02  Probe (Chrono Boost), Pylon  
  23  2:25  Pylon  
  23  2:30  Probe (Chrono Boost)  
  23  2:39  Mothership Core (Chrono Boost)  
  23  2:41  Stalker (Chrono Boost)  
  23  2:42  Warp Gate  
  25  3:02  Probe  
  25  3:04  Probe  
  26  3:13  Probe  
  26  3:14  Robotics Facility  
  26  3:16  Probe  
  28  3:26  Gateway x2  
  28  3:28  Probe  
  28  3:32  Probe  
  30  3:43  Probe  
  30  3:45  Twilight Council, Probe  
  32  3:56  Twilight Council  
  32  3:57  Probe  
  32  3:59  Probe  
  34  4:02  Warp Prism  
  34  4:09  Adept (Chrono Boost)  
  40  4:18  Adept (Chrono Boost)  
  40  4:20  Adept (Chrono Boost)  
  40  4:23  Probe  
  42  4:24  Probe  
  42  4:28  Pylon  
  44  4:32  Resonating Glaives (Chrono Boost)  
  44  4:39  Probe x2  
  46  4:51  Probe, Pylon  
  46  4:52  Probe  
  48  4:53  Observer  
  48  4:57  Adept  
  51  5:03  Pylon  
  51  5:07  Gateway  
  51  5:11  Assimilator  
  51  5:12  Gateway, Probe  
  52  5:16  Assimilator  
  52  5:20  Observer  
  52  5:25  Probe  
  52  5:26  Probe  
  55  5:31  Stalker  
  55  5:32  Stalker x2  
  61  5:36  Pylon  
  61  5:38  Observer  
  60  5:47  Pylon  
  60  5:50  Probe x2  
  61  6:11  Adept x3  
  61  6:28  Probe x2  
  61  6:40  Stalker x3, Probe x2  
  61  6:44  Observer  
  61  6:45  Pylon  
  70  6:52  Probe  
  71  7:00  Stalker x2  
  75  7:02  Observer  
  76  7:14  Probe x2, Nexus  
  78  7:16  Assimilator  
  78  7:19  Stalker x2  
  78  7:20  Assimilator  
  78  7:22  Stalker  
  84  7:26  Probe  
  84  7:29  Pylon  
  85  7:31  Pylon  
  85  7:39  Pylon  
  85  7:41  Pylon  
  85  7:46  Stalker x4  
  85  7:50  Probe x2  
  85  7:51  Observer, Blink (Chrono Boost)  
  96  8:02  Probe x2  
  98  8:08  Immortal, Pylon  
  98  8:13  Stalker x2  
  98  8:14  Probe x2  
  98  8:19  Gateway  
  108  8:23  Gateway  
  108  8:27  Stalker  
  108  8:31  Stalker  
  112  8:42  Immortal  
  116  8:49  Templar Archives  
  116  8:52  Forge  
  116  8:53  Forge  
  116  9:13  Stalker x2  
  116  9:14  Stalker  
  116  9:25  Stalker  
  116  9:26  Stalker  
  116  9:30  Protoss Ground Armor Level 1 (Chrono Boost)  
  120  9:31  Protoss Ground Weapons Level 1 (Chrono Boost)  
  120  9:33  Probe  
  120  9:35  Probe x2  
  123  9:38  Gateway  
  123  9:40  Gateway  
  123  9:41  Psionic Storm  
  123  9:43  Gateway  
  123  9:44  Immortal  
  127  9:45  Pylon  
  127  9:46  Pylon  
  127  9:54  Sentry  
  129  10:00  Adept x3  
  135  10:10  Adept x3  
  141  10:22  Stalker  
  141  10:23  Stalker x3  
  141  10:26  Immortal  
  151  10:36  Pylon  
  151  10:38  Pylon  
  147  10:48  Stalker  
  147  10:49  Stalker x2  
  151  10:50  Stalker x2  
  102  11:25  Stalker x2  
  102  11:26  Stalker x4  
  102  11:27  Stalker  
Show
View Real Time Build Order
Export as new Build Order

Trizztein Terran 

Build Orders: Reaper Expand, MMM Bio 

Get SALT Encoding   

  12  0:01  SCV  
  13  0:13  SCV  
  14  0:18  Supply Depot  
  14  0:25  SCV  
  15  0:40  SCV  
  15  0:41  Barracks  
  16  0:44  Refinery  
  16  0:52  SCV  
  17  1:04  SCV  
  18  1:16  SCV  
  19  1:30  Reaper, Orbital Command  
  20  1:47  Command Center  
  20  1:58  Supply Depot  
  20  2:00  SCV  
  21  2:04  Barracks Reactor  
  21  2:13  SCV  
  22  2:26  SCV  
  23  2:38  Command Center  
  23  2:46  Factory  
  23  2:49  SCV  
  24  2:58  Refinery  
  24  3:01  SCV  
  24  3:07  Orbital Command  
  24  3:12  Marine x2  
  25  3:13  SCV  
  27  3:25  SCV  
  28  3:31  Marine x2  
  28  3:32  Factory Tech Lab  
  30  3:37  SCV, Barracks  
  31  3:42  SCV  
  32  3:49  SCV, Marine  
  32  3:52  Orbital Command  
  32  3:54  SCV  
  35  3:58  Cyclone  
  35  4:01  SCV  
  39  4:03  Marine  
  39  4:06  SCV, Marine  
  42  4:13  SCV  
  43  4:18  SCV  
  43  4:20  SCV  
  43  4:21  Marine  
  46  4:24  Marine  
  46  4:25  Supply Depot, SCV  
  46  4:30  SCV  
  49  4:32  SCV, Engineering Bay  
  49  4:34  Refinery x2  
  49  4:35  Barracks Tech Lab  
  50  4:40  Cyclone  
  50  4:42  Marine  
  50  4:44  Marine  
  55  4:46  SCV  
  56  4:54  Stimpack  
  56  4:55  Supply Depot  
  56  4:58  Barracks  
  56  5:00  SCV, Marine  
  56  5:01  SCV  
  56  5:02  SCV  
  60  5:12  SCV  
  60  5:13  SCV, Orbital Command  
  62  5:17  Starport  
  62  5:19  Missile Turret  
  63  5:25  Factory Reactor  
  62  5:29  Marine x2  
  62  5:32  SCV, Marauder  
  62  5:33  Missile Turret  
  67  5:36  Supply Depot  
  67  5:37  Supply Depot  
  67  5:39  SCV x2  
  69  5:44  SCV  
  69  5:49  Supply Depot  
  70  5:50  Supply Depot  
  70  5:51  SCV  
  70  5:53  Marauder  
  73  6:01  Marine x3  
  54  6:36  SCV x3  
  57  6:40  Marine x4  
  61  6:48  SCV x3  
  61  6:49  Starport  
  61  6:50  Factory Reactor  
  61  6:52  Missile Turret  
  64  6:56  Medivac x2  
  64  6:59  Marauder  
  64  7:00  SCV x2  
  72  7:04  SCV  
  73  7:10  Sensor Tower  
  73  7:12  SCV x2, Barracks Tech Lab  
  73  7:14  Combat Shields  
  75  7:16  SCV  
  75  7:20  Marauder  
  75  7:24  SCV  
  75  7:26  Marine x2  
  75  7:27  Concussive Shells  
  75  7:29  SCV x2  
  79  7:34  Medivac  
  79  7:36  SCV  
  82  7:41  SCV, Marauder  
  82  7:42  SCV  
  84  7:48  SCV  
  84  7:49  Refinery  
  85  7:53  SCV  
  85  7:54  SCV  
  85  7:56  Marine x2  
  85  7:57  Missile Turret  
  89  8:01  SCV  
  89  8:03  Marauder  
  89  8:05  SCV, Liberator  
  92  8:06  SCV  
  94  8:13  SCV  
  94  8:18  SCV x2  
  97  8:21  Supply Depot  
  97  8:22  Supply Depot  
  97  8:25  SCV  
  101  8:27  Supply Depot  
  101  8:30  SCV, Factory Reactor  
  101  8:32  Marine x2  
  101  8:33  Marauder x2  
  108  8:39  Supply Depot  
  108  8:52  SCV x2  
  108  8:53  Refinery  
  108  8:54  Marauder x2  
  114  8:58  Supply Depot, Missile Turret  
  114  8:59  Missile Turret  
  114  9:01  Supply Depot  
  110  9:10  SCV x3  
  110  9:15  Liberator x2  
  110  9:16  Liberator, Marauder  
  111  9:17  Missile Turret  
  111  9:19  Missile Turret  
  110  9:25  SCV x3  
  113  9:37  SCV x3  
  125  9:40  Supply Depot x2  
  125  9:49  Supply Depot, SCV x2  
  125  9:51  Supply Depot  
  125  9:52  Supply Depot, Liberator  
  127  9:55  Marauder x2  
  127  9:58  Liberator  
  131  10:00  Barracks  
  131  10:01  Barracks x2  
  131  10:02  Barracks  
  131  10:03  Barracks  
  131  10:16  Marauder  
  136  10:28  Marine x3  
  131  10:37  Marine  
  129  10:43  Widow Mine x2  
  129  10:45  Marine x2  
  129  10:46  SCV, Marine  
  135  10:55  Marine  
  132  11:03  Marine x3  
  107  11:11  Widow Mine  
  107  11:13  Marine  
  97  11:19  Barracks Reactor, Barracks Tech Lab  
  97  11:20  Medivac  
  97  11:21  Marine x3, Medivac  
  103  11:28  SCV x3  
  103  11:30  Marine  
  87  11:40  SCV x3  
Tags
 
Add a new tag
Caveats
  • Supply blocks, unpowered buildings, or Contaminate may cause inaccurate times.
  • Supply counts are checked every 10 seconds.